 Dungeon Crawl Stone Soup version 0.31-a0-1074-g0b22e4e0f1 (webtiles) character file.

Game seed: 12662109272710102872

1929894 RepHenryClay the Invulnerable (level 27, 258/258 HPs)
             Began as an Armataur Berserker on Nov 27, 2023.
             Was the Champion of Trog.
             Escaped with the Orb
             ... and 3 runes on Nov 29, 2023!
             The game lasted 02:03:34 (57039 turns).

RepHenryClay the Invulnerable (Armataur Berserker) Turns: 57039, Time: 02:03:35

Health: 258/258    AC: 56    Str: 34    XL:     27
Magic:  3/3        EV: 18    Int:  4    God:    Trog [******]
Gold:   4860       SH: 22    Dex: 16    Spells: 26/26 levels left

rFire   + + .        i - +9 broad axe (antimagic)
rCold   + + +        l - +2 shield of Resistance {rF++ rC++ Will++}
rNeg    + + .        Z - +17 plate armour of Baldness {rCorr Stlth+}
rPois   +            (no helmet)
rElec   +            H - +2 cloak
rCorr   +            b - +0 pair of gloves "Geol" {Will+}
SInv    +            z - +4 barding {rC+}
Will    +++++        t - amulet of Hunuh {Reflect rC+++ Will++ MP-9 SH+5} Stlth
                     d - ring of Greed {rElec rPois rN++ Str+2 Int-2}
HPRegen 0.63/turn    j - ring "Onoppac" {EV+5 SInv}
MPRegen 0.08/turn

%: reflection, roll
@: no status effects
A: large, deformed body, tough skin 3, armoured tail, roll 2, long tongue, dopey
1, low MP 1, strong 1, wild magic 1
0: Orb of Zot
}: 3/15 runes: serpentine, barnacled, silver
a: Renounce Religion, Berserk, Trog's Hand, Brothers in Arms


You escaped.
You worshipped Trog.
Trog was exalted by your worship.
You visited 9 branches of the dungeon, and saw 47 of its levels.
You also visited: Gauntlet.

You collected 8725 gold pieces.
You spent 3865 gold pieces at shops.

Inventory:

Hand Weapons
 i - a +9 antimagic broad axe (weapon)
Missiles
 C - 3 throwing nets (quivered)
Armour
 b - the +0 pair of gloves "Geol" (worn) {Will+}
   (You found it on level 3 of the Elven Halls)

   Will+:     It increases your willpower.
 l - the +2 shield of Resistance (worn) {rF++ rC++ Will++}
   (You took it off an orc on level 5 of the Vaults)

   rF++:      It greatly protects you from fire.
   rC++:      It greatly protects you from cold.
   Will++:    It greatly increases your willpower.
 z - a +4 barding of cold resistance (worn)
 H - a +2 cloak (worn)
 X - a +2 helmet
 Z - the +17 plate armour of Baldness (worn) {rCorr Stlth+}
   (You bought it in a shop on level 4 of the Snake Pit)

   rCorr:     It protects you from acid and corrosion.
   Stlth+:    It makes you more stealthy.
Jewellery
 a - a ring of magical power
 d - the ring of Greed (left hand) {rElec rPois rN++ Str+2 Int-2}
   (You bought it in a shop on level 2 of the Elven Halls)

   [ring of poison resistance]

   Str+2:     It affects your strength (+2).
   Int-2:     It affects your intelligence (-2).
   rElec:     It insulates you from electricity.
   rPois:     It protects you from poison rN++: It greatly protects you from
   negative energy.
 f - an amulet of regeneration
 j - the ring "Onoppac" (right hand) {EV+5 SInv}
   (You found it on level 2 of the Dungeon)

   [ring of evasion]

   EV+5:      It affects your evasion (+5).
   SInv:      It lets you see invisible.
 t - the amulet of Hunuh (around neck) {Reflect rC+++ Will++ MP-9 SH+5}
   (You took it off a deep elf zephyrmancer on level 3 of the Elven Halls)

   [amulet of reflection]

   Reflect:   It reflects blocked missile attacks.
   rC+++:     It renders you almost immune to cold.
   Will++:    It greatly increases your willpower.
   MP-9:      It affects your magic capacity (-9).
   SH+5:      It affects your SH (+5).
 y - the amulet "Ynuteyse" {Faith rElec rF+ Int+4}
   (You bought it in a shop on level 1 of the Elven Halls)

   [amulet of faith]

   Faith:     It allows you to gain divine favour quickly.
   Int+4:     It affects your intelligence (+4).
   rF+:       It protects you from fire.
   rElec:     It insulates you from electricity.
 N - a ring of flight
 O - a ring of positive energy
 Y - an amulet of magic regeneration
Wands
 w - a wand of mindburst (37)
 F - a wand of paralysis (78)
 L - a wand of quicksilver (25)
 P - a wand of digging (9)
 U - a wand of iceblast (41)
Scrolls
 h - 14 scrolls of teleportation
 m - 27 scrolls of identify {@r1}
 n - 5 scrolls of immolation
 o - 6 scrolls of enchant armour
 r - a scroll of torment
 v - a scroll of summoning
 B - 6 scrolls of fog
 D - 7 scrolls of poison
 G - 6 scrolls of enchant weapon
 J - 7 scrolls of fear
 R - 10 scrolls of blinking
 S - 4 scrolls of brand weapon
 T - a scroll of revelation
 V - 4 scrolls of silence
 W - 3 scrolls of vulnerability
Potions
 c - 16 potions of curing
 e - 4 potions of enlightenment
 g - 5 potions of cancellation
 k - 8 potions of resistance
 p - 3 potions of berserk rage
 q - 12 potions of might
 s - a potion of ambrosia
 u - 20 potions of heal wounds
 x - 8 potions of mutation
 A - 3 potions of magic
 E - 7 potions of lignification
 I - 5 potions of invisibility
 K - 12 potions of haste
 M - 13 potions of brilliance
 Q - 13 potions of attraction


   Skills:
 - Level 23.1 Fighting
 - Level 24.0 Axes
 O Level 27 Armour
 - Level 17.3 Dodging
 + Level 18.1 Shields
 - Level 10.0 Evocations


You had 26 spell levels left.
You didn't know any spells.
Your spell library was empty.

Dungeon Overview and Level Annotations

Branches:
Dungeon (15/15)            Temple (0/1) D:6            Lair (5/5) D:9
 Shoals (4/4) Lair:3        Snake (4/4) Lair:3        Slime (0/5) Lair:5
    Orc (2/2) D:10            Elf (3/3) Orc:2        Vaults (5/5) D:14
  Crypt (0/3) Vaults:2     Depths (4/4) D:15            Zot (5/5) Depths:4
Gauntlet (visited)

Altars:
Cheibriados
Elyvilon
Makhleb
Nemelex Xobeh
Okawaru
Sif Muna
Uskayaw
Xom
Zin
The Shining One
Jiyva

Shops:
D:3 (   D:6 :   Orc:2 [=*!   Elf:1 =   Elf:2 =(=!!(*   Shoals:1 *   Snake:3 (=
Snake:4 [   Vaults:4 ![   Depths:2 (?

Portals:
Hell: Depths:1 Depths:2 Depths:3 Depths:4
Abyss: Depths:3 Depths:4
Pandemonium: Orc:2 Depths:1 Depths:2
Ziggurat: Depths:3

Annotations:
Elf:1 6 runed translucent doors
Depths:3 exclusion: orange crystal statue
Zot:1 2 transporters


Innate Abilities, Weirdness & Mutations

Armour fits poorly on your strangely shaped body.
You have extremely tough skin. (AC +3)
You have a long armoured tail.
You roll and regenerate health when moving toward enemies. (Rampage Heal)
Your long tongue fully drains potion bottles. (2x potion effects)
You are dopey. (Int -2)
Your magical capacity is low. (-10% MP)
Your muscles are strong. (Str +4, Int/Dex -1)
Your spells are a little harder to cast, but a little more powerful.


Message History

The golden eye blinks at you. You resist with almost no effort.
You cut the golden eye into ribbons!!!
You kill the golden eye!
Trog accepts your kill.
The golden eye blinks!
You roll towards the golden eye!
The golden eye blinks at you. You resist with almost no effort.
The golden eye blinks at you. You resist with almost no effort.
The golden eye blinks at you. You resist with almost no effort.
The golden eye blinks at you. You resist with almost no effort.
You barely miss the golden eye. You miss the golden eye.
The golden eye blinks!
You slash the golden eye!
The golden eye's magic leaks into the air.
Your tail-slap misses the golden eye.
The golden eye is severely wounded.
You miss the golden eye.
The golden eye falters for a moment.
You slash the golden eye!
You kill the golden eye!
Trog accepts your kill.
You slash the golden eye!
The golden eye's magic leaks into the air.
The golden eye falters for a moment.
You closely miss the golden eye.
The golden eye is severely wounded.
The golden eye blinks at you. You resist with almost no effort.
You hit the golden eye.
The golden eye's magic leaks into the air.
You tail-slap the golden eye.
You kill the golden eye!
Trog accepts your kill.
No target in view!
There is a staircase leading out of the dungeon here.
You can't go down here!
You have escaped!

.#..########....########.#.#
.......>.#......# #.#.#
.#...##.##.######## ###.###
.#.#.##.##...####>####.....#
+#...##.####.#⌠.....⌠#.#.#.#
...####.# #.#...8...#.#...#
...# #.#
#.#.......#.########### ...#
#.####.#.≈...≈.#...........#
...#
#.##...#.≈.@.≈.#######...#.#
...## #.##.###.≈...≈.#
#.#.#.# ....###.##.#
#.≈...≈.# #.#.#.#
......#.##.# #.≈...≈.#
#.#.#.# ......#.##.#
#.......# #.#.#.#
#####.#.##.#####...###
#.....# #.......# #...#
#.#...# #..###..#####..#
#####.# #..###....##...# #.#


There were no monsters in sight!

Vanquished Creatures
  A dread lich (Vaults:5)
  An ancient lich (Vaults:5)
  7 orbs of fire
  2 juggernauts
  2 shard shrikes (Depths:1)
  Frederick (Vaults:5)
  5 Killer Klowns (Zot:5)
  Vashnia (Snake:4)
  2 curse toes (Zot:4)
  14 golden dragons
  The ghost of Midpoint the Warrior, an adept HONe of Kikubaaqudgha (Elf:3)
  the Enchantress (Depths:1)
  4 electric golems
  A Tzitzimitl (Depths:3)
  2 iron giants (Depths:1)
  2 liches (Depths:2)
  13 tentacled monstrosities
  Rupert (D:13)
  2 Ice Fiends
  26 Orb Guardians
  Mlioglotl (Snake:1)
  2 titans (Vaults:5)
  2 deep elf master archers (Elf:3)
  8 sphinxes
  The ghost of Foashama the Severer, an adept DsWr of Gozag (Elf:1)
  9 acid blobs
  11 quicksilver dragons
  11 death cobs
  Aizul (Elf:2)
  A shadow dragon (shapeshifter) (Vaults:5)
  Gastronok (Lair:2)
  8 shadow dragons
  12 storm dragons
  9 tengu reavers
  Kirke (D:13)
  9 draconian knights
  A rockslime (D:12)
  6 nagarajas
  19 draconian monks
  Ilsuiw (Shoals:2)
  6 fire giants
  6 iron dragons
  5 occultists
  An azure jelly (D:12)
  5 deep elf sorcerers
  3 spectral juggernauts (Depths:3)
  14 frost giants
  2 spectral caustic shrikes (Depths:3)
  2 balrugs
  2 ghost moths
  18 vault wardens
  6 draconian scorchers
  9 deep elf elementalists (Elf:3)
  2 orc warlords
  2 draconian stormcallers
  4 spriggan defenders
  3 draconian shifters
  A cacodemon (Elf:3)
  A quicksilver ooze (D:12)
  26 ironbound preservers
  3 war gargoyles
  A formless jellyfish (Vaults:2)
  24 stone giants
  A juggernaut skeleton (Depths:2)
  6 ironbound thunderhulks
  5 draconian annihilators
  A caustic shrike skeleton (Depths:2)
  37 very ugly things
  8 green draconians
  10 vampire knights
  9 deep elf demonologists
  16 black draconians
  Nessos (D:14)
  2 lorocyprocas
  5 deep elf annihilators (Elf:3)
  A spectral titan (Depths:3)
  16 spark wasps
  13 dire elephants
  20 purple draconians
  13 white draconians
  12 red draconians
  11 yellow draconians
  A crystal guardian (Vaults:3)
  10 ettins
  A green death (D:13)
  Josephine (D:15)
  9 merfolk javelineers
  5 deep elf death magi
  The ghost of Moumn the Naga Aeon, a journeyman NaIE of Cheibriados (D:12)
  3 spectral golden dragons (Depths:3)
  12 merfolk impalers
  A spectral spriggan (Depths:3)
  13 fire dragons
  4 jiangshi
  20 yaktaur captains
  An entropy weaver (Vaults:2)
  8 deep elf high priests
  37 vault guards
  2 spectral shadow dragons (Depths:3)
  4 spectral tengu (Depths:3)
  8 great orbs of eyes
  A peacekeeper (Vaults:3)
  A hydra (Lair:5)
  A spectral sphinx (Depths:3)
  9 spriggan air magi
  A catoblepas (D:15)
  A sphinx zombie (D:15)
  2 salamander tyrants (Snake:4)
  2 caustic shrike simulacra (Depths:3)
  2 hell beasts
  6 anacondas
  4 rakshasas
  3 demonspawn (Orc:2)
  6 ice dragons
  23 centaur warriors
  8 ironbound frosthearts
  5 ogre magi
  4 alligator snapping turtles
  6 death yaks (Lair:5)
  A death knight (D:11)
  A merfolk avatar (Shoals:4)
  A spectral frost giant (Depths:3)
  10 two-headed ogres
  A merfolk aquamancer (Shoals:4)
  2 boulder beetles
  19 dancing weapons
  9 deep troll shamans
  7 tengu warriors
  7 orc high priests
  6 deep troll earth magi
  3 satyrs
  A two-headed ogre (shapeshifter) (Vaults:1)
  2 spectral fire giants (Depths:3)
  13 naga warriors
  8 vampire magi
  4 shock serpents
  3 spriggan berserkers
  20 deep elf knights
  12 naga sharpshooters
  10 hell knights
  A storm dragon zombie (D:15)
  Urug (D:14)
  A spectral storm dragon (Depths:3)
  3 sixfirhies
  10 sun demons
  5 salamander mystics
  15 sea snakes
  4 soul eaters
  3 skysharks
  6 iron trolls
  Lodul (D:13)
  5 death drakes (Depths:3)
  A spark wasp zombie (Depths:2)
  A spectral spark wasp (Depths:3)
  6 skeletal warriors
  A golden dragon zombie (Depths:1)
  2 quicksilver dragon simulacra (Depths:3)
  63 deep trolls
  6 glowing orange brains
  9 phantasmal warriors
  2 spriggan simulacra
  15 deep elf archers
  2 orange crystal statues
  A glowing orange brain (shapeshifter) (Vaults:5)
  14 ironbound convokers
  16 deep elf zephyrmancers
  3 flayed ghosts
  6 lindwurms
  A spectral iron dragon (Depths:3)
  6 naga ritualists
  13 arcanists
  2 sphinx simulacra (Depths:3)
  9 harpies
  8 orc sorcerers
  32 deep elf pyromancers
  9 necromancers
  10 orc knights
  14 mana vipers
  An iron dragon zombie (Depths:2)
  A mana viper (shapeshifter) (Vaults:5)
  10 fauns
  17 salamanders
  10 cyclopes
  7 manticores
  61 ugly things
  26 moths of wrath
  6 water nymphs
  13 elephants
  7 guardian serpents
  21 black mambas
  15 merfolk sirens
  3 human skeletons
  25 vault sentinels
  A gargoyle (D:10)
  A torpor snail (Lair:5)
  A guardian serpent (shapeshifter) (D:13)
  2 titan simulacra (Depths:3)
  2 smoke demons
  3 eyes of devastation (Depths:4)
  15 naga magi
  10 cane toads
  A hellion (Depths:4)
  A rime drake (shapeshifter) (Elf:3)
  Psyche (D:9)
  A tormentor (Zot:1)
  4 freezing wraiths
  A komodo dragon (shapeshifter) (Elf:3)
  2 unseen horrors
  A kobold demonologist (D:12)
  4 tengu conjurers (Depths:2)
  7 komodo dragons
  23 yaktaurs
  A yaktaur zombie (Vaults:2)
  4 spectral glowing shapeshifters (Depths:3)
  21 merfolk
  A red devil (Zot:3)
  3 golden dragon simulacra (Depths:3)
  7 polar bears (Lair:5)
  2 polar bears (shapeshifter)
  A queen bee (shapeshifter) (Elf:1)
  2 tengu simulacra (Depths:3)
  10 trolls
  9 hornets
  3 wind drakes (Shoals:4)
  2 glass eyes
  A raiju (shapeshifter) (D:11)
  2 shadow dragon simulacra (Depths:3)
  4 blink frogs (Lair:3)
  Prince Ribbit (D:8)
  6 dream sheep
  6 snapping turtles
  A frost giant simulacrum (Depths:2)
  An iron dragon simulacrum (Depths:3)
  A dream sheep (shapeshifter) (Elf:3)
  29 slime creatures
  4 shadows
  11 water elementals
  A culicivora (Vaults:2)
  16 spriggans
  4 hogs (D:13)
  A wyvern (Lair:2)
  7 wraiths
  5 vampires
  13 basilisks
  34 yaks
  3 fire elementals
  16 humans (D:14)
  A golden eye (shapeshifter) (Elf:3)
  A neqoxec (Orc:2)
  3 golden eyes (D:1)
  A redback (Vaults:2)
  3 steam dragons
  A steam dragon (shapeshifter) (D:14)
  A vampire mosquito (D:7)
  A naga (shapeshifter) (Elf:3)
  39 nagas
  2 wargs
  A chaos spawn (Zot:3)
  2 swamp worms (shapeshifter)
  An acid dragon (D:8)
  A swamp drake (D:9)
  13 water moccasins
  2 glowing shapeshifter skeletons
  2 ice beasts
  32 orc warriors
  A swamp drake (shapeshifter) (Elf:3)
  A sky beast (D:7)
  4 black bears
  24 ogres
  A wolf (shapeshifter) (Vaults:5)
  9 boggarts
  12 centaurs
  36 wolves
  2 phantoms
  Blork the orc (D:4)
  4 kobold brigands
  5 necrophages (Lair:4)
  7 bullfrogs
  4 earth elementals
  3 scorpions
  2 glowing shapeshifter simulacra (Depths:3)
  A human simulacrum (Vaults:2)
  A killer bee (shapeshifter) (Elf:3)
  13 killer bees
  A howler monkey (shapeshifter) (Elf:3)
  5 howler monkeys
  A crimson imp (D:9)
  A jelly (D:7)
  A lava snake (Lair:3)
  A jelly (shapeshifter) (Vaults:5)
  18 orc priests
  7 hounds
  A gnoll bouda (D:7)
  2 sleepcaps
  3 iguanas
  14 orc wizards
  7 hell rats (Lair:4)
  Robin (D:2)
  4 gnolls (D:7)
  10 adders
  2 shadow imps
  2 white imps
  A worm (D:4)
  5 dart slugs
  89 orcs
  8 ball pythons
  7 endoplasms
  5 giant cockroaches
  14 goblins
  13 hobgoblins
  28 kobolds
  2 quokkas
  3 bats
  3 frilled lizards
  A frilled lizard (shapeshifter) (Elf:3)
  5 rats
  A spectral weapon (Elf:2)
2250 creatures vanquished.

Vanquished Creatures (collateral kills)
  2 tentacled monstrosities (Zot:5)
  A spark wasp (Depths:3)
  A minotaur (Gauntlet)
  An ice dragon (Depths:3)
  A phantasmal warrior (Depths:3)
  An iron imp (D:9)
7 creatures vanquished.

Vanquished Creatures (others)
  A fire giant (Vaults:5)
  A deep elf elementalist (Elf:3)
  A kobold demonologist (D:10)
  A merfolk (Shoals:4)
  A centaur (D:10)
  A howler monkey (D:10)
  2 orc wizards
  2 orcs
  A kobold (D:10)
11 creatures vanquished.

Grand Total: 2268 creatures vanquished

Notes
Turn   | Place    | Note
-------+----------+-------------------------------------------
     0 | D:1      | RepHenryClay the Armataur Berserker began the quest for the
                  | Orb.
     0 | D:1      | Reached XP level 1. HP: 18/18 MP: 1/1
   317 | D:1      | Reached XP level 2. HP: 22/25 MP: 2/2
   323 | D:1      | Reached skill level 3 in Armour
   495 | D:1      | Found a faded altar of an unknown god.
   775 | D:2      | Reached XP level 3. HP: 30/30 MP: 3/3
   823 | D:2      | Reached ** piety under Trog
   999 | D:2      | Identified the ring "Onoppac" {EV+5 SInv}
  1100 | D:2      | Reached skill level 4 in Armour
  1100 | D:2      | Reached XP level 4. HP: 37/37 MP: 1/4
  1131 | D:2      | Noticed Robin
  1143 | D:2      | Killed Robin
  1775 | D:3      | Reached *** piety under Trog
  1777 | D:3      | Reached XP level 5. HP: 40/42 MP: 1/5
  1851 | D:3      | Found Tigi's Antique Weapon Emporium.
  2182 | D:3      | Found an iron altar of Okawaru.
  2257 | D:4      | Noticed a black bear
  2271 | D:4      | Killed a black bear
  2424 | D:4      | Reached skill level 5 in Armour
  2439 | D:4      | Found a sparkling altar of Nemelex Xobeh.
  2450 | D:4      | Noticed Blork the orc
  2460 | D:4      | Killed Blork the orc
  2461 | D:4      | Reached XP level 6. HP: 49/49 MP: 2/6
  3044 | D:3      | Bought a polished war axe for 144 gold pieces
  3044 | D:3      | Identified the +0 war axe of Cruel Justice {flame, Fragile
                  | +Blink rElec Int+8} (You bought it in a shop on level 3 of
                  | the Dungeon)
  3105 | D:5      | Entered Level 5 of the Dungeon
  3255 | D:5      | Reached skill level 5 in Axes
  3293 | D:5      | Gained mutation: You roll and regenerate health when moving
                  | toward enemies. (Rampage Heal) [Armataur growth]
  3293 | D:5      | Reached XP level 7. HP: 42/56 MP: 7/7
  3338 | D:5      | Reached skill level 6 in Armour
  3843 | D:6      | Found Cegulor's Book Emporium.
  3877 | D:6      | Reached skill level 7 in Armour
  3893 | D:6      | Found a burning altar of Makhleb.
  3925 | D:6      | Reached XP level 8. HP: 62/62 MP: 8/8
  4077 | D:6      | Found a staircase to the Ecumenical Temple.
  4251 | D:6      | Reached **** piety under Trog
  4415 | D:7      | Reached skill level 8 in Armour
  4459 | D:7      | Noticed an unseen horror
  4472 | D:7      | Killed an unseen horror
  4473 | D:7      | Reached XP level 9. HP: 65/68 MP: 9/9
  4577 | D:7      | Reached skill level 9 in Armour
  4865 | D:7      | Identified the +3 rapier of Pueplig {heavy, rF+ Will+
                  | Dex+3}
  4966 | D:7      | Reached skill level 10 in Armour
  5008 | D:7      | Reached skill level 10 in Axes
  5012 | D:7      | Reached XP level 10. HP: 53/74 MP: 10/10
  5169 | D:8      | Noticed Prince Ribbit
  5184 | D:8      | Killed Prince Ribbit
  5193 | D:8      | Found a white marble altar of Elyvilon.
  5648 | D:9      | Found a staircase to the Lair.
  5788 | D:9      | Reached skill level 11 in Armour
  5803 | D:9      | Noticed Psyche
  6162 | D:9      | Noticed a deep elf pyromancer
  6177 | D:9      | Killed Psyche
  6181 | D:9      | Killed a deep elf pyromancer
  6234 | D:9      | Noticed a deep elf zephyrmancer
  6252 | D:9      | Killed a deep elf zephyrmancer
  6378 | D:9      | Found a shimmering blue altar of Sif Muna.
  6545 | D:10     | Entered Level 10 of the Dungeon
  6625 | D:10     | Reached skill level 12 in Armour
  6636 | D:10     | Reached XP level 11. HP: 57/81 MP: 11/11
  6645 | D:10     | Paralysed by a hornet for 1 turns
  6662 | D:10     | Reached ***** piety under Trog
  6672 | D:10     | Found a hide-covered altar of Uskayaw.
  6764 | D:10     | Found a shimmering altar of Xom.
  6766 | D:10     | Noticed a sun demon
  6875 | D:10     | Found a staircase to the Orcish Mines.
  6956 | D:10     | Noticed an orc knight
  6989 | D:10     | Killed an orc knight
  7315 | D:11     | Noticed a death knight
  7321 | D:11     | Noticed a tengu reaver
  7389 | Orc:1    | Entered Level 1 of the Orcish Mines
  7391 | Orc:1    | Noticed an orc knight
  7406 | D:10     | Killed an orc knight
  7582 | Orc:1    | Reached skill level 13 in Armour
  7598 | Orc:1    | Received a gift from Trog
  7793 | Orc:2    | Entered Level 2 of the Orcish Mines
  7810 | Orc:2    | Noticed an orc sorcerer
  7813 | Orc:2    | Noticed an orc sorcerer
  7821 | Orc:1    | Killed an orc sorcerer
  7872 | Orc:2    | Noticed a sixfirhy
  7875 | Orc:2    | Noticed a soul eater
  7875 | Orc:2    | Killed a sixfirhy
  7880 | Orc:2    | Killed an orc sorcerer
  7957 | Orc:2    | Noticed a sun demon
  7957 | Orc:2    | Noticed an orc knight
  8073 | Lair:1   | Entered Level 1 of the Lair of Beasts
  8141 | Lair:1   | Found a gate leading to a gauntlet.
  8150 | Gauntlet | Entered a Gauntlet
  8150 | Gauntlet | Found a transporter.
  8150 | Gauntlet | Found a transporter.
  8158 | Gauntlet | Found a transporter.
  8162 | Gauntlet | Found a transporter.
  8171 | Gauntlet | Found a transporter.
  8174 | Gauntlet | Found a transporter.
  8182 | Gauntlet | Found a transporter.
  8182 | Gauntlet | Noticed an orange crystal statue
  8196 | Gauntlet | Noticed a death scarab
  8199 | Gauntlet | Found a transporter.
  8200 | Gauntlet | Noticed a death scarab
  8213 | Gauntlet | Found a transporter.
  8217 | Gauntlet | Found a transporter.
  8221 | Gauntlet | Found a runed translucent door.
  8221 | Gauntlet | Found a runed translucent door.
  8225 | Gauntlet | Found a transporter.
  8229 | Gauntlet | Found a transporter.
  8230 | Gauntlet | Found a runed translucent door.
  8370 | Gauntlet | Reached XP level 12. HP: 88/88 MP: 12/12
  8510 | Gauntlet | Noticed a minotaur
  8517 | Gauntlet | Killed a minotaur
  8518 | Gauntlet | Reached skill level 14 in Armour
  8531 | Gauntlet | Identified the +0 robe of Day {rF++ rC- rCorr SInv}
  9672 | Lair:2   | Noticed Gastronok
  9682 | Lair:2   | Killed Gastronok
  9683 | Lair:2   | Reached skill level 15 in Armour
 10118 | Lair:3   | Reached skill level 15 in Axes
 10180 | Lair:3   | Found a staircase to the Shoals.
 10274 | Lair:3   | Found a staircase to the Snake Pit.
 10955 | Lair:4   | Reached XP level 13. HP: 97/99 MP: 13/13
 10958 | Lair:4   | Reached skill level 5 in Fighting
 11685 | Lair:5   | Entered Level 5 of the Lair of Beasts
 11863 | Lair:5   | Found a staircase to the Slime Pits.
 12087 | Lair:5   | Paralysed by a hornet for 3 turns
 12250 | Lair:5   | Received a gift from Trog
 12694 | Lair:5   | Reached XP level 14. HP: 111/119 MP: 14/14
 12717 | Lair:5   | Reached skill level 10 in Fighting
 13416 | Orc:2    | Found a staircase to the Elven Halls.
 13597 | Orc:2    | Found a burning altar of Makhleb.
 14096 | Orc:2    | Found Abeo's Distillery.
 14101 | Orc:2    | Found Hedefydghye's General Store.
 14122 | Orc:2    | Identified the +11 executioner's axe of the Shore {flame,
                  | rPois rF+ Will+} (Trog gifted it to you on level 2 of the
                  | Orcish Mines)
 14122 | Orc:2    | Received a gift from Trog
 14357 | Orc:2    | Bought a potion of enlightenment for 90 gold pieces
 14418 | Orc:2    | Gained mutation: You are dopey. (Int -2) [a neqoxec]
 14472 | Orc:2    | Paralysed by an orc sorcerer for 4 turns
 14753 | Orc:2    | Reached skill level 1 in Shields
 14820 | Orc:2    | Found Heklim's Antique Armour Emporium.
 14820 | Orc:2    | Found Veixedgh's Jewellery Shoppe.
 14821 | Orc:2    | Found a one-way gate leading to the halls of Pandemonium.
 15809 | D:12     | Identified the +0 chain mail of Awe {Int+5}
 15829 | D:12     | Reached skill level 5 in Shields
 16113 | D:12     | Found a runed translucent gate.
 16114 | D:12     | Found a runed translucent gate.
 16115 | D:12     | Found a runed translucent gate.
 16115 | D:12     | Noticed a quicksilver ooze
 16115 | D:12     | Noticed an acid blob
 16115 | D:12     | Noticed an azure jelly
 16116 | D:12     | Noticed a rockslime
 16116 | D:12     | Noticed an acid blob
 16118 | D:12     | Noticed an acid blob
 16119 | D:12     | Noticed an acid blob
 16119 | D:12     | Noticed an acid blob
 16119 | D:12     | Noticed an acid blob
 16119 | D:12     | Noticed Moumn's ghost (journeyman NaIE)
 16119 | D:12     | Noticed an acid blob
 16120 | D:12     | Noticed an acid blob
 16185 | D:12     | Identified the +6 mace "Ximom" {pain, Dex+2}
 16387 | D:12     | Found a viscous altar of Jiyva.
 16422 | D:13     | Noticed Lodul
 16430 | D:13     | Killed Lodul
 16430 | D:13     | Received a gift from Trog
 16440 | D:13     | Reached ****** piety under Trog
 16456 | D:13     | Identified the +6 quarterstaff "Iran" {freeze, rN+ Int+3
                  | Stlth+}
 16585 | D:13     | Reached XP level 15. HP: 123/126 MP: 15/15
 16640 | D:13     | Reached skill level 5 in Dodging
 16778 | D:13     | Noticed Kirke
 16788 | D:13     | Killed Kirke
 16910 | D:13     | Noticed Rupert
 16923 | D:13     | Killed Rupert
 17152 | D:14     | Noticed Nessos
 17152 | D:14     | Noticed Urug
 17152 | D:14     | Found a gate to the Vaults.
 17161 | D:14     | Killed Nessos
 17282 | D:14     | Killed Urug
 17430 | D:14     | Received a gift from Trog
 17826 | D:15     | Entered Level 15 of the Dungeon
 17829 | D:15     | Noticed Josephine
 17839 | D:15     | Killed Josephine
 17935 | D:15     | Identified the +6 sling of Tizur {drain, rF+ Dex+3}
 17990 | D:15     | Found a staircase to the Depths.
 19079 | Snake:1  | Entered Level 1 of the Snake Pit
 19566 | Snake:1  | Noticed Mlioglotl
 19578 | Snake:1  | Killed Mlioglotl
 19644 | Snake:1  | Received a gift from Trog
 19665 | Snake:1  | Reached XP level 16. HP: 127/136 MP: 16/16
 20846 | Snake:2  | Reached skill level 16 in Armour
 21131 | Snake:2  | Received a gift from Trog
 21538 | Snake:3  | Found Sole's Jewellery Boutique.
 21538 | Snake:3  | Found Bilowk's Weapon Shop.
 22362 | Snake:4  | Entered Level 4 of the Snake Pit
 22581 | Snake:4  | Identified the +7 falchion of Governance {flame, rElec
                  | rPois rCorr Int+3}
 22779 | Snake:4  | Found Liasyuty's Armour Shop.
 22787 | Snake:4  | Bought the +17 plate armour of Baldness {rCorr Stlth+} for
                  | 1159 gold pieces
 22824 | Snake:4  | Reached skill level 17 in Armour
 22926 | Snake:4  | Reached XP level 17. HP: 150/150 MP: 10/17
 22959 | Snake:4  | Received a gift from Trog
 23151 | Snake:4  | Noticed Vashnia
 23169 | Snake:4  | Killed Vashnia
 23354 | Snake:4  | Got a serpentine rune of Zot
 23480 | Snake:4  | Identified the +0 ring mail of Light {rN+ Str+7}
 23873 | Snake:3  | Bought a ring of flight for 262 gold pieces
 23977 | Shoals:1 | Entered Level 1 of the Shoals
 24095 | Shoals:1 | Identified the +0 war axe of Cuikuj {heavy, rPois SInv}
 24222 | Shoals:1 | Identified the +2 leather armour of Paguk {*Corrode Str+4}
 24317 | Shoals:1 | Found Ruoleor's General Store.
 24324 | Shoals:1 | Reached skill level 18 in Armour
 24905 | Shoals:2 | Received a gift from Trog
 24975 | Shoals:2 | Noticed Ilsuiw
 24988 | Shoals:2 | Killed Ilsuiw
 26357 | Shoals:4 | Entered Level 4 of the Shoals
 26543 | Shoals:4 | Reached XP level 18. HP: 78/161 MP: 18/18
 26647 | Shoals:4 | Found a runed translucent door.
 26757 | Shoals:4 | Reached skill level 19 in Armour
 26880 | Shoals:4 | Received a gift from Trog
 27265 | Shoals:4 | Got a barnacled rune of Zot
 27494 | Shoals:4 | Reached skill level 15 in Fighting
 28493 | Vaults:1 | Entered Level 1 of the Vaults
 28803 | Vaults:1 | Received a gift from Trog
 28936 | Vaults:1 | Reached skill level 20 in Armour
 29247 | Vaults:1 | Identified the +8 battleaxe of Winter {flame, rPois} (Trog
                  | gifted it to you on level 1 of the Vaults)
 29247 | Vaults:1 | Received a gift from Trog
 29325 | Vaults:1 | Reached XP level 19. HP: 114/172 MP: 19/19
 31266 | Vaults:2 | Reached skill level 21 in Armour
 31420 | Vaults:2 | Found a staircase to the Crypt.
 31477 | Vaults:2 | Received a gift from Trog
 31523 | Vaults:2 | HP: 8/172 [yaktaur captain/bolt (29)]
 32426 | Vaults:3 | Reached skill level 22 in Armour
 32437 | Vaults:3 | Received a gift from Trog
 32645 | Vaults:3 | Reached XP level 20. HP: 172/173 MP: 20/20
 33802 | Vaults:4 | Reached skill level 23 in Armour
 33958 | Vaults:4 | Found Supaur's Armour Shop.
 33973 | Vaults:4 | Received a gift from Trog
 34459 | Vaults:4 | Received a gift from Trog
 34765 | Vaults:4 | Found Coof's Distillery.
 34797 | Vaults:4 | Bought a potion of haste for 120 gold pieces
 34797 | Vaults:4 | Bought a potion of might for 48 gold pieces
 35184 | Depths:1 | Entered Level 1 of the Depths
 35200 | Depths:1 | Found a gateway to Hell.
 35305 | Depths:1 | Received a gift from Trog
 35358 | Depths:1 | Reached XP level 21. HP: 65/184 MP: 21/21
 36009 | Depths:1 | Noticed a shard shrike
 36012 | Depths:1 | Noticed a shard shrike
 36043 | Depths:1 | Killed a shard shrike
 36052 | Depths:1 | Killed a shard shrike
 36230 | Depths:1 | Received a gift from Trog
 36511 | D:11     | Identified the +0 leather armour of Grot {rPois Str+3}
 36629 | D:12     | Killed Moumn's ghost
 37475 | Depths:2 | Noticed the Enchantress
 37492 | Depths:2 | Found Oxkeom's Antique Weapon Boutique.
 37902 | Depths:1 | Killed the Enchantress
 37961 | Depths:2 | Received a gift from Trog
 37962 | Depths:2 | Reached skill level 10 in Dodging
 37968 | Depths:2 | Reached skill level 1 in Evocations
 38131 | Depths:2 | Found a glowing silver altar of Zin.
 38247 | Depths:2 | Reached skill level 5 in Evocations
 38324 | Depths:2 | Found a hide-covered altar of Uskayaw.
 38345 | Depths:2 | Noticed a golden dragon
 38354 | Depths:2 | Killed a golden dragon
 38355 | Depths:2 | Found a snail-covered altar of Cheibriados.
 38355 | Depths:2 | Noticed a golden dragon
 38371 | Depths:2 | Killed a golden dragon
 38372 | Depths:2 | Reached XP level 22. HP: 176/195 MP: 22/22
 38372 | Depths:2 | Identified the ring of Otretrun {EV+5 Str+4}
 38501 | Depths:2 | Found Ovusk's Magic Scroll Shop.
 38505 | Depths:2 | Bought a scroll of blinking for 97 gold pieces
 38505 | Depths:2 | Bought a scroll of enchant armour for 97 gold pieces
 39010 | Depths:2 | Received a gift from Trog
 39075 | Depths:2 | Found a glowing golden altar of the Shining One.
 39154 | Depths:2 | Reached skill level 10 in Evocations
 39322 | Depths:2 | Identified the staff "Xilaceh" {Str+2 Dex+2 Conj}
 39324 | Depths:2 | Identified the staff of Past Mistakes {rPois rC+++ rCorr
                  | Str+3 Dex-2 Poison}
 39955 | Depths:2 | Received a gift from Trog
 40042 | Depths:4 | Entered Level 4 of the Depths
 40042 | Depths:4 | Noticed a golden dragon
 40219 | Depths:4 | Killed a golden dragon
 40383 | Depths:4 | Received a gift from Trog
 40412 | Depths:4 | Found a one-way gate to the infinite horrors of the Abyss.
 40522 | Depths:4 | Noticed a juggernaut
 40544 | Depths:4 | Killed a juggernaut
 40824 | Depths:4 | Noticed a golden dragon
 40835 | Depths:4 | Killed a golden dragon
 40836 | Depths:4 | Reached XP level 23. HP: 202/202 MP: 23/23
 41083 | Depths:4 | Received a gift from Trog
 41085 | Depths:4 | Found a gate to the Realm of Zot.
 41193 | Depths:4 | Identified the +0 leather armour of Wistroq {*Slow rElec
                  | Str+2}
 41582 | Depths:3 | Reached skill level 15 in Dodging
 41618 | Depths:3 | Reached skill level 24 in Armour
 41714 | Depths:3 | Received a gift from Trog
 42017 | Depths:3 | Identified the staff "Xom's Best Wishes" {rC+ MP+9 Str-2
                  | Int+3 Ice}
 42091 | Depths:3 | Found a one-way gateway to a ziggurat.
 42787 | Depths:3 | Reached XP level 24. HP: 214/214 MP: 23/23
 42787 | Depths:3 | Reached XP level 25. HP: 221/221 MP: 23/23
 43074 | Elf:1    | Entered Level 1 of the Elven Halls
 43102 | Elf:1    | Found Sorr's Jewellery Shoppe.
 43157 | Elf:1    | Found a runed translucent door.
 43157 | Elf:1    | Noticed Foashama's ghost (adept DsWr)
 43236 | Elf:1    | Received a gift from Trog
 43247 | Elf:1    | Found a runed translucent gate.
 43247 | Elf:1    | Found a runed translucent gate.
 43247 | Elf:1    | Found a runed translucent gate.
 43247 | Elf:1    | Found a runed translucent gate.
 43247 | Elf:1    | Found a runed translucent gate.
 43248 | Elf:1    | Found a runed translucent gate.
 43250 | Elf:1    | Reached skill level 25 in Armour
 43320 | Elf:1    | You fall into a shaft and drop 1 floor!
 43326 | Elf:2    | Found Zijyeppeedd's Jewellery Shop.
 43326 | Elf:2    | Found Sats's Weapon Shop.
 43346 | Elf:2    | Found Vodim's Distillery.
 44179 | Elf:1    | Killed Foashama's ghost
 44221 | Elf:1    | Bought the amulet "Ynuteyse" {Faith rElec rF+ Int+4} for
                  | 971 gold pieces
 44315 | Elf:2    | Found Cuesosih's Weapon Shop.
 44320 | Elf:2    | Found Hidehis's Assorted Antiques.
 44346 | Elf:2    | Found Wedunk's Distillery.
 44382 | Elf:2    | Bought a potion of curing for 54 gold pieces
 44382 | Elf:2    | Bought a potion of haste for 180 gold pieces
 44382 | Elf:2    | Bought a potion of curing for 54 gold pieces
 44382 | Elf:2    | Bought a potion of heal wounds for 90 gold pieces
 44382 | Elf:2    | Bought a potion of curing for 54 gold pieces
 44491 | Elf:2    | Received a gift from Trog
 44533 | Elf:2    | Found a huge runed translucent gate.
 44535 | Elf:2    | Found a huge runed translucent gate.
 44540 | Elf:2    | Found a huge runed translucent gate.
 44541 | Elf:2    | Found a huge runed translucent gate.
 44541 | Elf:2    | Found a huge runed translucent gate.
 44614 | Elf:2    | Found Ythreigo's Jewellery Emporium.
 44619 | Elf:2    | Bought the ring of Greed {rElec rPois rN++ Str+2 Int-2} for
                  | 445 gold pieces
 44628 | Elf:2    | Reached XP level 26. HP: 229/229 MP: 23/23
 45080 | Elf:3    | Entered Level 3 of the Elven Halls
 45097 | Elf:3    | Identified the +1 battleaxe of Doubt {heavy, rPois Str+6}
                  | (Trog gifted it to you on level 3 of the Elven Halls)
 45097 | Elf:3    | Received a gift from Trog
 45191 | Elf:3    | Identified the +0 buckler "Otux" {rN+ Str+2 Dex+3 Slay-6}
 45224 | Elf:3    | Identified the serpent talisman of Leapfrog {Int+4}
 45224 | Elf:3    | Noticed Aizul
 45251 | Elf:2    | Killed Aizul
 45381 | Elf:3    | Identified the +6 arbalest "Pepaluug" {penet, rF+ rC+ SInv
                  | Stlth-}
 45396 | Elf:3    | Identified the amulet of Hunuh {Reflect rC+++ Will++ MP-9
                  | SH+5}
 45480 | Elf:3    | Received a gift from Trog
 45735 | Elf:3    | Found a runed translucent gate.
 45735 | Elf:3    | Found a runed translucent gate.
 45735 | Elf:3    | Found a runed translucent gate.
 45777 | Elf:3    | Gained mutation: Your body sometimes deteriorates upon
                  | taking damage. [a cacodemon]
 45834 | Elf:3    | Identified the +4 mace of the Telling Traitor {heavy, rElec
                  | Int+4}
 45834 | Elf:3    | Identified the +1 chain mail of Intuition {rPois Str+3
                  | Int+2}
 45981 | Elf:3    | Identified the +5 quarterstaff of Causality {speed, *Slow
                  | Dex+4}
 46073 | Elf:3    | Reached skill level 26 in Armour
 46093 | Elf:3    | Found a runed translucent gate.
 46093 | Elf:3    | Found a runed translucent gate.
 46099 | Elf:3    | Found a runed translucent gate.
 46100 | Elf:3    | Noticed Midpoint's ghost (adept HONe)
 46106 | Elf:3    | Gained mutation: You sometimes lose your temper in combat.
                  | [a cacodemon]
 46136 | Elf:3    | Killed Midpoint's ghost
 46141 | Elf:3    | Identified the +0 pair of gloves "Geol" {Will+}
 46324 | Elf:3    | Lost mutation: Your body sometimes deteriorates upon taking
                  | damage. [potion of mutation]
 46324 | Elf:3    | Lost mutation: You sometimes lose your temper in combat.
                  | [potion of mutation]
 46324 | Elf:3    | Lost mutation: You are dopey. (Int -2) [potion of mutation]
 46324 | Elf:3    | Gained mutation: Your body sometimes deteriorates upon
                  | taking damage. [potion of mutation]
 46324 | Elf:3    | Gained mutation: Your spells are a little harder to cast,
                  | but a little more powerful. [potion of mutation]
 46324 | Elf:3    | Gained mutation: You have large cloven feet. [potion of
                  | mutation]
 46694 | Vaults:5 | Entered Level 5 of the Vaults
 46949 | Vaults:5 | Noticed Frederick
 46956 | Vaults:5 | Noticed an ancient lich
 46957 | Vaults:5 | Noticed a dread lich
 46962 | Vaults:5 | Gained mutation: You sometimes lose your temper in combat.
                  | [a cacodemon]
 46967 | Vaults:5 | Gained mutation: You are frail. (-10% HP) [a cacodemon]
 46981 | Vaults:5 | Killed a dread lich
 46989 | Vaults:5 | Killed an ancient lich
 47117 | Vaults:5 | Identified the +10 plate armour of Jarchesm {*Slow rElec
                  | rF+++ Stlth-}
 47406 | Vaults:5 | Killed Frederick
 47544 | Vaults:5 | Received a gift from Trog
 47608 | Vaults:5 | Reached XP level 27. HP: 198/218 MP: 14/23
 47642 | Vaults:5 | Identified the +3 scale mail of the Several Knaves {Fly rF-
                  | Dex+3 Slay+2}
 47664 | Vaults:5 | Lost mutation: You have large cloven feet. [potion of
                  | mutation]
 47664 | Vaults:5 | Lost mutation: You sometimes lose your temper in combat.
                  | [potion of mutation]
 47664 | Vaults:5 | Lost mutation: Your body sometimes deteriorates upon taking
                  | damage. [potion of mutation]
 47664 | Vaults:5 | Lost mutation: Your spells are a little harder to cast, but
                  | a little more powerful. [potion of mutation]
 47664 | Vaults:5 | Gained mutation: You are very frail. (-20% HP) [potion of
                  | mutation]
 47664 | Vaults:5 | Gained mutation: Your magical capacity is low. (-10% MP)
                  | [potion of mutation]
 47664 | Vaults:5 | Gained mutation: You are somewhat resistant to further
                  | mutation. [potion of mutation]
 47664 | Vaults:5 | Gained mutation: You have large cloven feet. [potion of
                  | mutation]
 47665 | Vaults:5 | Lost mutation: You are very frail. (-20% HP) [potion of
                  | mutation]
 47665 | Vaults:5 | Lost mutation: You are somewhat resistant to further
                  | mutation. [potion of mutation]
 47665 | Vaults:5 | Lost mutation: You are frail. (-10% HP) [potion of
                  | mutation]
 47665 | Vaults:5 | Lost mutation: Your magical capacity is low. (-10% MP)
                  | [potion of mutation]
 47665 | Vaults:5 | Gained mutation: You have hidden genetic potential. [potion
                  | of mutation]
 47665 | Vaults:5 | Gained mutation: You are dopey. (Int -2) [potion of
                  | mutation]
 47665 | Vaults:5 | Gained mutation: You expend magic power (3 MP) to
                  | strengthen your wands. [potion of mutation]
 47665 | Vaults:5 | Lost mutation: You have hidden genetic potential. [potion
                  | of mutation]
 47665 | Vaults:5 | Gained mutation: You possess an exceptional clarity of
                  | mind. [potion of mutation]
 47665 | Vaults:5 | Gained mutation: You have a pair of small horns on your
                  | head. [potion of mutation]
 47665 | Vaults:5 | Gained mutation: Your system is resistant to poisons.
                  | (rPois) [potion of mutation]
 47873 | Vaults:5 | Got a silver rune of Zot
 48693 | Zot:1    | Entered Level 1 of the Realm of Zot
 48827 | Zot:1    | Found a transporter.
 48852 | Zot:1    | Reached skill level 27 in Armour
 49134 | Zot:1    | Found a transporter.
 50147 | Zot:2    | Received a gift from Trog
 51558 | Zot:3    | Identified the +8 war axe of the Dungeon {flame, rF+ rCorr
                  | Str+3 Int-2}
 52337 | Zot:5    | Entered Level 5 of the Realm of Zot
 52468 | Zot:4    | Noticed an orb of fire
 52486 | Zot:4    | Killed an orb of fire
 53253 | Zot:4    | Received a gift from Trog
 53483 | Zot:4    | Reached skill level 10 in Shields
 55066 | Zot:5    | Noticed an orb of fire
 55066 | Zot:5    | a Killer Klown changed into a juggernaut
 55066 | Zot:5    | Noticed a juggernaut
 55072 | Zot:5    | Killed a juggernaut
 55080 | Zot:5    | Gained mutation: You are occasionally teleported next to
                  | monsters. [an orb of fire]
 55081 | Zot:5    | Killed an orb of fire
 55124 | Zot:5    | Noticed an orb of fire
 55138 | Zot:5    | Killed an orb of fire
 55200 | Zot:5    | Reached skill level 15 in Shields
 55218 | Zot:5    | Received a gift from Trog
 55232 | Zot:5    | Noticed an orb of fire
 55232 | Zot:5    | Noticed an orb of fire
 55238 | Zot:5    | Gained mutation: You occasionally lose the ability to drink
                  | potions when taking damage. [an orb of fire]
 55241 | Zot:5    | Gained mutation: You are very dopey. (Int -4) [an orb of
                  | fire]
 55250 | Zot:5    | Killed an orb of fire
 55253 | Zot:5    | Killed an orb of fire
 55265 | Zot:5    | Noticed an orb of fire
 55270 | Zot:5    | Noticed an orb of fire
 55273 | Zot:5    | Gained mutation: You are frail. (-10% HP) [an orb of fire]
 55279 | Zot:5    | Gained mutation: You are weak. (Str -2) [an orb of fire]
 55282 | Zot:5    | Gained mutation: Your spells are a little easier to cast,
                  | but a little less powerful. [an orb of fire]
 55284 | Zot:5    | Gained mutation: Your body sometimes deteriorates upon
                  | taking damage. [an orb of fire]
 55286 | Zot:5    | Gained mutation: You are very weak. (Str -4) [an orb of
                  | fire]
 55293 | Zot:5    | Gained mutation: You are very frail. (-20% HP) [an orb of
                  | fire]
 55295 | Zot:5    | Killed an orb of fire
 55303 | Zot:5    | Killed an orb of fire
 55636 | Zot:5    | Lost mutation: You have a pair of small horns on your head.
                  | [potion of mutation]
 55636 | Zot:5    | Lost mutation: You expend magic power (3 MP) to strengthen
                  | your wands. [potion of mutation]
 55636 | Zot:5    | Lost mutation: Your spells are a little easier to cast, but
                  | a little less powerful. [potion of mutation]
 55636 | Zot:5    | Lost mutation: You occasionally lose the ability to drink
                  | potions when taking damage. [potion of mutation]
 55636 | Zot:5    | Lost mutation: You are occasionally teleported next to
                  | monsters. [potion of mutation]
 55636 | Zot:5    | Lost mutation: You possess an exceptional clarity of mind.
                  | [potion of mutation]
 55636 | Zot:5    | Gained mutation: You are somewhat resistant to further
                  | mutation. [potion of mutation]
 55636 | Zot:5    | Lost mutation: You are very frail. (-20% HP) [potion of
                  | mutation]
 55637 | Zot:5    | Lost mutation: Your system is resistant to poisons. (rPois)
                  | [potion of mutation]
 55637 | Zot:5    | Lost mutation: You are very weak. (Str -4) [potion of
                  | mutation]
 55637 | Zot:5    | Lost mutation: Your body sometimes deteriorates upon taking
                  | damage. [potion of mutation]
 55637 | Zot:5    | Lost mutation: You are frail. (-10% HP) [potion of
                  | mutation]
 55637 | Zot:5    | Gained mutation: You are clumsy. (Dex -2) [potion of
                  | mutation]
 55637 | Zot:5    | Gained mutation: Your tail ends in a venomous barb. [potion
                  | of mutation]
 55637 | Zot:5    | Gained mutation: You have sharp fingernails. [potion of
                  | mutation]
 55638 | Zot:5    | Lost mutation: You are clumsy. (Dex -2) [potion of
                  | mutation]
 55638 | Zot:5    | Lost mutation: You are weak. (Str -2) [potion of mutation]
 55638 | Zot:5    | Lost mutation: You have sharp fingernails. [potion of
                  | mutation]
 55638 | Zot:5    | Lost mutation: You have large cloven feet. [potion of
                  | mutation]
 55638 | Zot:5    | Lost mutation: You are somewhat resistant to further
                  | mutation. [potion of mutation]
 55638 | Zot:5    | Lost mutation: Your tail ends in a venomous barb. [potion
                  | of mutation]
 55638 | Zot:5    | Gained mutation: You have hidden genetic defects. [potion
                  | of mutation]
 55638 | Zot:5    | Gained mutation: You have terrible hidden genetic defects.
                  | [potion of mutation]
 55638 | Zot:5    | Gained mutation: You are occasionally teleported next to
                  | monsters. [potion of mutation]
 55638 | Zot:5    | Gained mutation: You are strong-willed. (Will+) [potion of
                  | mutation]
 55639 | Zot:5    | Lost mutation: You have terrible hidden genetic defects.
                  | [potion of mutation]
 55639 | Zot:5    | Lost mutation: You have hidden genetic defects. [potion of
                  | mutation]
 55639 | Zot:5    | Lost mutation: You are strong-willed. (Will+) [potion of
                  | mutation]
 55639 | Zot:5    | Lost mutation: You are very dopey. (Int -4) [potion of
                  | mutation]
 55639 | Zot:5    | Gained mutation: You occasionally lose the ability to drink
                  | potions when taking damage. [potion of mutation]
 55639 | Zot:5    | Gained mutation: You are partially covered in iridescent
                  | scales. (AC +2) [potion of mutation]
 55639 | Zot:5    | Gained mutation: You are mostly covered in iridescent
                  | scales. (AC +4) [potion of mutation]
 55640 | Zot:5    | Lost mutation: You occasionally lose the ability to drink
                  | potions when taking damage. [potion of mutation]
 55640 | Zot:5    | Lost mutation: You are dopey. (Int -2) [potion of mutation]
 55640 | Zot:5    | Lost mutation: You are occasionally teleported next to
                  | monsters. [potion of mutation]
 55640 | Zot:5    | Lost mutation: You are mostly covered in iridescent scales.
                  | (AC +4) [potion of mutation]
 55640 | Zot:5    | Lost mutation: You are partially covered in iridescent
                  | scales. (AC +2) [potion of mutation]
 55640 | Zot:5    | Gained mutation: A frigid envelope surrounds you and
                  | freezes all who hurt you. [potion of mutation]
 55640 | Zot:5    | Gained mutation: You sometimes lose your temper in combat.
                  | [potion of mutation]
 55640 | Zot:5    | Gained mutation: You occasionally shout uncontrollably at
                  | your foes. [potion of mutation]
 55640 | Zot:5    | Lost mutation: You occasionally shout uncontrollably at
                  | your foes. [potion of mutation]
 55640 | Zot:5    | Gained mutation: You are covered in fur. (AC +1) [potion of
                  | mutation]
 55641 | Zot:5    | Lost mutation: A frigid envelope surrounds you and freezes
                  | all who hurt you. [potion of mutation]
 55641 | Zot:5    | Lost mutation: You sometimes lose your temper in combat.
                  | [potion of mutation]
 55641 | Zot:5    | Lost mutation: You are covered in fur. (AC +1) [potion of
                  | mutation]
 55641 | Zot:5    | Gained mutation: You have a pair of small antennae on your
                  | head. [potion of mutation]
 55641 | Zot:5    | Gained mutation: You are weak. (Str -2) [potion of
                  | mutation]
 55641 | Zot:5    | Gained mutation: You are resistant to electric shocks.
                  | (rElec) [potion of mutation]
 55641 | Zot:5    | Gained mutation: You are frail. (-10% HP) [potion of
                  | mutation]
 55641 | Zot:5    | Gained mutation: Your mind is acute. (Int +4, Str/Dex -1)
                  | [potion of mutation]
 55641 | Zot:5    | Gained mutation: Your magical capacity is low. (-10% MP)
                  | [potion of mutation]
 55641 | Zot:5    | Lost mutation: You are weak. (Str -2) [potion of mutation]
 56443 | Zot:5    | Lost mutation: You have a pair of small antennae on your
                  | head. [potion of mutation]
 56443 | Zot:5    | Lost mutation: You are frail. (-10% HP) [potion of
                  | mutation]
 56443 | Zot:5    | Lost mutation: Your mind is acute. (Int +4, Str/Dex -1)
                  | [potion of mutation]
 56443 | Zot:5    | Lost mutation: You are resistant to electric shocks.
                  | (rElec) [potion of mutation]
 56443 | Zot:5    | Gained mutation: Your spells are a little harder to cast,
                  | but a little more powerful. [potion of mutation]
 56443 | Zot:5    | Gained mutation: You are dopey. (Int -2) [potion of
                  | mutation]
 56443 | Zot:5    | Gained mutation: Your muscles are strong. (Str +4, Int/Dex
                  | -1) [potion of mutation]
 56524 | Zot:5    | Got the Orb of Zot
 56554 | Zot:5    | Noticed Qutwuedo the pandemonium lord
 56674 | Zot:3    | Noticed Pobisaj the pandemonium lord
 57039 | D:$      | Escaped with the Orb!

Illustrated notes

Levels and vault maps discovered:
D:1:      dreamdust_arrival_sigmund_warning, layout_basic,
          nicolae_ecumenical_snake_handling, minmay_misc_feat_x
D:2:      minmay_inner_zag, layout_loops_ring, uniq_robin
D:3:      layout_basic, kennysheep_okawaru_gauntlet, serial_shops,
          nicolae_shop_overgrown_old_shop
D:4:      layout_loops_cross, nemelex_xobeh_ov_fountains_minmay, serial_forest,
          infiniplex_forest_clump_C, infiniplex_forest_end_1,
          infiniplex_forest_clump_curved, infiniplex_forest_clump_curved,
          infiniplex_forest_lined_room_, infiniplex_forest_lined_1,
          uniq_blork_the_orc
D:5:      layout_loops_cross
D:6:      layout_basic, lemuel_tele_altar, minmay_temple_entry_nine_rooms,
          serial_shops, shop
D:7:      layout_rooms, minmay_manual_mail
D:8:      layout_rooms, nicolae_elyvilon_peaceful_grove, uniq_prince_ribbit1
D:9:      layout_loops_corners, nicolae_sif_muna_condensation,
          david_lair_shrubbed, hangedman_minor_magic, uniq_psyche
D:10:     cheibrodos_orc_bank, layout_cross, eat_drink_and_be_merry_uskayaw,
          xom_confusion_cloud
D:11:     layout_roguey, wad_dig_loot
D:12:     layout_roguey, gammafunk_ghost_ooze
D:13:     layout_irregular_city, uniq_rupert, uniq_lodul, uniq_kirke
D:14:     layout_basic, david_vaults_3
D:15:     gammafunk_depths_entry_grave, layout_long_grid,
          serial_library_regret_index_double_sided, uniq_josephine
Lair:1:   layout_big_grid, gauntlet_entry_generic
Lair:2:   layout_gridlike, grunt_megastairs_4, uniq_gastronok
Lair:3:   layout_gridlike, minmay_shoals_entry_lonely_mermaid,
          minmay_snake_entry_guardpost_small
Lair:4:   layout_concentric_octagons, nicolae_quartered_pool_little,
          roderic_carrion_pond, kennysheep_basilisk_garden
Lair:5:   minmay_lair_end_enchanted_forest, layout_misc_corridors, slime_entry_1
Shoals:1: layout_shoals, serial_shops, shop_coins
Shoals:2: cheibrodos_shoals_satyrical_garden, layout_shoals,
          nicolae_shoals_stone_sculpture_thing, uniq_ilsuiw
Shoals:3: layout_shoals
Shoals:4: shoals_end_grunt_ice, layout_shoals, lightli_airlock
Snake:1:  layout_layer_cave, serial_bayou_pond_d, uniq_mlioglotl
Snake:2:  layout_grid_maze, corexii_hall_statues_i
Snake:3:  layout_cave_town, minmay_shoptagon
Snake:4:  johnstein_snake_rune_scales, layout_cave_town, serial_shops, shop,
          serial_bayou_pond_a, corexii_hall_statues_u,
          hangedman_snake_corridor_cut
Orc:1:    layout_caves
Orc:2:    pf_orc_diabolical, layout_caves, basic_altar
Elf:1:    layout_loops_corners, serial_shops, nicolae_shop_hallway_plus,
          hellmonk_ghost_happy_afterlife, orc_legates
Elf:2:    elven_hall_of_blades_hangedman_alternative
          [nicolae_vaults_blade_armed_guards], layout_geoelf_octagon,
          serial_shops, shop, shop_fountains, nicolae_shop_hallway_plus, shop,
          shop, minmay_shop_star
Elf:3:    minmay_elf_hall_curves, layout_rooms,
          ploomutoo_gammafunk_ghost_potion_laboratory, uniq_aizul
Vaults:1: nicolae_vaults_tetromino_Z_2, nicolae_vaults_double_plus_3,
          nicolae_vaults_more_shelving_1, v_rooms_3,
          nicolae_vaults_closet_pinwheel_5, nicolae_vaults_what_the_h, v_misc_9,
          nicolae_vaults_six-pack, ontoclasm_vaults_misaligned,
          hangedman_vaults_corner_blocks, vaults_room_door_ring,
          nicolae_vaults_prndl, dpeg_vaults_monster_doublerow,
          vaults_dpeg_spiral, layout_vaults_big_cross
Vaults:2: minmay_crypt_entry_vampire_xt, vaults_room_corners,
          vaults_mumra_minichess, nicolae_vaults_crenellated_ambush,
          nicolae_vaults_house_1, v_alt_pattern_4, ontoclasm_vaults_tryst,
          v_pattern_2, nicolae_vaults_heart-shaped_vault,
          nicolae_vaults_spaceships, nicolae_vaults_little_squares_6,
          layout_vaults_omnibox
Vaults:3: hangedman_vaults_locks, nicolae_vaults_trapezoid_1,
          nicolae_vaults_closet_pinwheel_5, hangedman_vaults_nails,
          vaults_room_corners, vaults_dpeg_ring, vaults_standard_mumra_x,
          layout_vaults_quadrants
Vaults:4: ontoclasm_vaults_shuriken, ontoclasm_vaults_claustrophobia,
          vaults_room_door_ring, nicolae_vaults_alarming,
          nicolae_vaults_branching_niches, nicolae_vaults_little_squares_3,
          nicolae_vaults_steering_wheel, hangedman_vaults_slice, v_misc_11,
          nicolae_vaults_tangram_1, nicolae_vaults_tetromino_Z_2,
          nicolae_vaults_apartment_1, nicolae_vaults_taking_the_gang_shopping,
          nicolae_vaults_little_squares_4, nicolae_vaults_border_crossing,
          layout_vaults_ring, serial_shops, shop
Vaults:5: uniq_frederick
Depths:1: layout_basic, rand_demon_pan_entry_3, hell_entry,
          serial_sigils_hangedman_stare, minmay_holes,
          dilly_guarded_unrand_elemental_staff
Depths:2: hangedman_box_tower, layout_gridlike, serial_sigils_hangedman_writhe,
          serial_shops, nicolae_shop_overgrown_old_shop, shop,
          grunt_pan_entry_sceptre, hell_entry, uniq_enchantress
Depths:3: lemuel_river_lethe, abyss_entry, hell_entry
Depths:4: lemuel_castle_with_subvaults [lemuel_castle_interior_carwin_2],
          layout_cave_pools, minmay_misc_feat_rows,
          nicolae_hell_entry_hellmouth_sunbeams, serial_glass, glass_columns_b,
          glass_columns_a, abyss_entry_glasseish
Zot:1:    gammafunk_its_a_trap, layout_misc_corridors,
          regret_index_zotdec_glowing_original
Zot:2:    layout_twisted_circle
Zot:3:    layout_twisted_circle
Zot:4:    layout_misc_corridors, regret_index_zotdec_banners, grunt_megastairs_2
Zot:5:    layout_onion

Skill      XL: |  1  2  3  4  5  6  7  8  9 10 11 12 13 14 15 16 17 18 19 20 21 22 23 24 25 26 27 |
---------------+----------------------------------------------------------------------------------+-----
Armour         | 3 4 5 7 8 10 12 13 15 17 18 20 22 23 24 25 26 27 | 27.0
Axes           | 3 4 5 6 8 10 11 13 15 16 18 19 20 21 22 23 24 | 24.0
Fighting       | 4 9 10 13 14 15 16 17 19 23 | 23.1
Dodging        | 4 5 10 13 15 17 | 17.3
Shields        | 5 18 | 18.1
Evocations     | 7 10 | 10.0

Action                     |  1- 3 |  4- 6 |  7- 9 | 10-12 | 13-15 | 16-18 | 19-21 | 22-24 | 25-27 || total
---------------------------+-------+-------+-------+-------+-------+-------+-------+-------+-------++-------
  Melee: Hand axe          |    79 |    82 |       |       |       |       |       |       |       ||   161
         Tailslap          |     8 |    11 |    29 |    63 |   199 |   192 |   252 |   182 |   443 ||  1379
         Punch             |     1 |       |     1 |     1 |     2 |       |       |       |       ||     5
         War axe           |       |    31 |   187 |   289 |    58 |       |       |       |       ||   565
         Unarmed           |       |       |       |     6 |       |       |     8 |       |       ||    14
         Battleaxe         |       |       |       |   180 |    81 |       |       |       |       ||   261
         Broad axe         |       |       |       |       |   575 |       |       |       |  1134 ||  1709
         Whip              |       |       |       |       |     7 |       |       |       |       ||     7
         Executioner's axe |       |       |       |       |   359 |  1060 |  1213 |   859 |   803 ||  4294
         Kick              |       |       |       |       |       |       |       |       |   709 ||   709
         Headbutt          |       |       |       |       |       |       |       |       |   390 ||   390
  Throw: Dart              |       |       |       |     5 |       |       |       |       |       ||     5
         Throwing net      |       |       |       |     2 |       |       |       |       |       ||     2
 Invoke: Berserk           |       |     2 |       |    12 |     9 |     2 |     1 |     3 |     2 ||    31
         Trog's Hand       |       |       |       |     7 |     4 |     3 |     3 |     2 |     3 ||    22
         Brothers in Arms  |       |       |       |     2 |       |       |       |     1 |     1 ||     4
  Evoke: Wand              |       |       |       |     4 |     8 |       |     1 |     1 |     6 ||    20
    Use: Scroll            |       |       |       |    21 |    10 |     4 |     4 |     2 |    21 ||    62
         Potion            |       |       |       |     2 |       |     1 |     5 |     1 |    21 ||    30
   Stab: Distracted        |       |       |       |     1 |     1 |       |     1 |     1 |     1 ||     5
 Armour: Animal skin       |    25 |       |       |       |       |       |       |       |       ||    25
         Chain mail        |    39 |    29 |       |       |   236 |   265 |       |       |       ||   569
         Plate armour      |       |    61 |   192 |   527 |   692 |   957 |  1008 |   769 |  1561 ||  5767
         Skin              |       |       |       |     1 |       |       |     4 |       |       ||     5
  Dodge: Dodged            |    16 |    51 |   133 |   331 |   478 |   516 |   609 |   637 |   892 ||  3663
  Block: Buckler           |       |       |       |       |    58 |       |       |       |       ||    58
         Other             |       |       |       |       |       |       |       |       |    45 ||    45
         Reflection        |       |       |       |       |       |       |       |       |    19 ||    19
         Kite shield       |       |       |       |       |       |       |       |       |   983 ||   983

Table legend: (Time is in decaauts)
 A = Elapsed time spent in this place.
 B = Non-inter-level travel time spent in this place.
 C = Inter-level travel time spent in this place.
 D = Time resting spent in this place.
 E = Time spent auto-exploring this place.
 F = Levels seen in this place.
 G = Mean time per level.
                   A        B        C        D        E       F      G
               +--------+--------+--------+--------+--------+-----+--------+
         Total |  56260 |  49527 |   6733 |   4093 |  33776 |  48 | 1172.1 |
       Dungeon |  13546 |  11031 |   2515 |    785 |   7845 |  15 |  903.1 |
          Lair |   4991 |   4371 |    620 |    162 |   3159 |   5 |  998.2 |
        Shoals |   4274 |   4113 |    161 |      2 |   3281 |   4 | 1068.5 |
     Snake Pit |   4527 |   4286 |    241 |     93 |   3354 |   4 | 1131.8 |
  Orcish Mines |   2316 |   1980 |    336 |    347 |   1087 |   2 | 1158.0 |
   Elven Halls |   3215 |   2964 |    251 |    240 |   1869 |   3 | 1071.7 |
        Vaults |   8724 |   7681 |   1043 |    385 |   5540 |   5 | 1744.8 |
        Depths |   6948 |   6037 |    911 |    833 |   3387 |   4 | 1737.0 |
           Zot |   7213 |   6561 |    652 |   1196 |   4005 |   5 | 1442.6 |
      Gauntlet |    500 |    500 |      0 |     47 |    247 |   1 |  500.0 |
               +--------+--------+--------+--------+--------+-----+--------+

Top non-repeatable levels by time:
Vaults:1: 2445 daAuts
Depths:2: 2343 daAuts
Shoals:4: 1874 daAuts
   Zot:4: 1839 daAuts
Depths:3: 1819 daAuts
Vaults:3: 1732 daAuts
Vaults:5: 1655 daAuts
   Zot:5: 1600 daAuts
   Orc:2: 1545 daAuts
Depths:1: 1509 daAuts
Vaults:2: 1476 daAuts
 Snake:4: 1456 daAuts
Vaults:4: 1414 daAuts
   Zot:2: 1371 daAuts
Depths:4: 1276 daAuts
